 Dungeon Crawl Stone Soup version 0.19-a0-36-g4a0968a (webtiles) character file.

7 M4edhros the Grave Robber (level 2, -2/17 HPs)
             Began as an Octopode Necromancer on May 3, 2016.
             Slain by a worm (10 damage)
             ... on level 3 of the Dungeon.
             The game lasted 00:00:55 (190 turns).

M4edhros the Grave Robber (Octopode Necromancer)     Turns: 190, Time: 00:00:55

Health: -2/17      AC:  1    Str:  4 (7)  XL:     2   Next: 0%
Magic:  5/5        EV: 12    Int: 15 (17) God:
Gold:   17         SH:  0    Dex: 11 (12) Spells: 2 memorised, 3 levels left

rFire  . . .     SeeInvis .       - Unarmed
rCold  . . .     Gourm    .     (no shield)
rNeg   . . .     Faith    .     (helmet restricted)
rPois  .         Spirit   .     (no amulet)
rElec  .         Dismiss  .     (no ring)
rCorr  .         Reflect  .     (no ring)
SustAt .         Harm     .     (no ring)
MR     .....                    (no ring)
Stlth  +++.......               (no ring)
                                (no ring)
                                (no ring)
                                (no ring)

@: not resistant to hostile enchantments, fairly stealthy
A: almost no armour, amphibious, 8 rings, constrict 8, camouflage 1, gelatinous
body 1
a: no special abilities


You were on level 3 of the Dungeon.
You were not hungry.

You visited 1 branch of the dungeon, and saw 3 of its levels.

You collected 17 gold pieces.

Inventory:

Scrolls
 d - a scroll of identify {unknown}
Books
 a - a book of Necromancy

   Spells                             Type                      Level
   a - Pain                           Necromancy                   1
   b - Animate Skeleton               Necromancy                   1
   c - Vampiric Draining              Necromancy                   3
   d - Regeneration                   Charms/Necromancy            3
   e - Animate Dead                   Necromancy                   4
   f - Control Undead                 Necromancy                   4
Comestibles
 b - a bread ration
 f - 4 chunks of flesh


   Skills:
 - Level 2.0 Dodging
 - Level 2.6 Stealth
 + Level 1.5 Unarmed Combat
 - Level 2.0 Spellcasting
 - Level 4.0 Necromancy


You had 3 spell levels left.
You knew the following spells:

 Your Spells              Type           Power        Failure   Level  Hunger
a - Pain                  Necr           ##..         4%          1    #......
b - Animate Skeleton      Necr           N/A          4%          1    #......


Dungeon Overview and Level Annotations

Branches:
Dungeon (3/15)

Altars:
Ashenzari


Innate Abilities, Weirdness & Mutations

You cannot wear most types of armour.
You are amphibious.
You can wear up to eight rings at the same time.
You can use your tentacles to constrict eight enemies at once.
Your skin changes colour to match your surroundings (Stealth).
Your rubbery body absorbs attacks (AC +1).


Message History

You bump into the rock wall.
The worm bites you.
You bump into the rock wall.
The worm bites you.
You bump into the rock wall.
You bump into the rock wall.
The worm closely misses you.
You bump into the rock wall.
You bump into the rock wall.
You feel less invigorated.
You feel less confused. The worm bites you but does no damage.
You tentacle-slap the worm. You grab the worm.
The worm is heavily wounded.
The worm bites you!
Ouch! That really hurt!
You tentacle-slap the worm.
The worm is heavily wounded.
You constrict the worm. You tentacle-slap the worm.
The worm is severely wounded.
You constrict the worm. The worm bites you!
Ouch! That really hurt!
You die...

#.# #.# ##.##
##...## .....
... #<# #@#
#w# #.# #.#
#.# #<###
#...#####
#.#.....#
######.#.....#


You could see a worm.

Vanquished Creatures
  A giant cockroach (D:2)
  2 hobgoblins
  A goblin (D:3)
  3 rats
7 creatures vanquished.

Notes
Turn   | Place    | Note
--------------------------------------------------------------
     0 | D:1      | M4edhros the Octopode Necromancer began the quest for the Orb.
     0 | D:1      | Reached XP level 1. HP: 11/11 MP: 3/3
    35 | D:1      | Learned a level 1 spell: Animate Skeleton
   120 | D:2      | Reached skill level 1 in Unarmed Combat
   152 | D:3      | Found a shattered altar of Ashenzari.
   170 | D:3      | Reached XP level 2. HP: 10/17 MP: 3/5
   190 | D:3      | Slain by a worm

Vault maps used:
D:1:      minmay_arrival_nine_rooms, xom_teletrap_fun
D:2:      grunt_temple_overflow_open, roderic_roman_lattice
D:3:      minmay_door_path, lemuel_coloured_pillars_altar, ecumenical_altar_2,
          nicolae_ashenzari_panopticon

Skill      XL: |  1 |
---------------+----+-----
Unarmed Combat | 1 |  1.5
Dodging        | |  2.0
Stealth        | |  2.6
Spellcasting   | |  2.0
Necromancy     | |  4.0

Action                   || total
-------------------------++-------
Melee: Unarmed           ||    11
       Constrict         ||     3
       Tentacles         ||     2
 Cast: Pain              ||     9
       Animate Skeleton  ||     1
  Use: Potion            ||     2
 Stab: Sleeping          ||     1
Armor: Skin              ||     1
Dodge: Dodged            ||     5
